 Dungeon Crawl Stone Soup version 0.30-a0-571-gdf30a72648 (webtiles) character file.

Game seed: 2457037226258916611

32 Newt the Trooper (level 3, -3/28 HPs)
             Began as a Demonspawn Gladiator on Dec 29, 2022.
             Slain by a gnoll
             ... wielding a +0 flail
              (11 damage)
             ... on level 2 of the Dungeon.
             The game lasted 00:01:14 (1351 turns).

Newt the Trooper (Demonspawn Gladiator)             Turns: 1351, Time: 00:01:15

Health: -3/28      AC:  5    Str: 16    XL:     3   Next: 10%
Magic:  3/3        EV: 12    Int:  9    God:
Gold:   84         SH:  0    Dex: 14    Spells: 2/2 levels left

rFire   . . .      SeeInvis .    a - +0 rapier
rCold   . . .      Faith    .    (no shield)
rNeg    . . .      Spirit   .    h - +0 leather armour
rPois   .          Reflect  .    c - +0 helmet
rElec   .          Harm     .    (no cloak)
rCorr   .          Rampage  .    (no gloves)
Will    .....                    (no boots)
Stlth   ++                       (no amulet)
HPRegen 0.24/turn                (no ring)
MPRegen 0.08/turn                (no ring)

@: no status effects
A: hooves 1, rugged brown scales 1
a: no special abilities


You were on level 2 of the Dungeon.
You visited 1 branch of the dungeon, and saw 2 of its levels.

You collected 84 gold pieces.

Inventory:

Hand Weapons
 a - a +0 rapier (weapon)
 b - a +0 sling
Missiles
 d - 3 throwing nets (quivered)
Armour
 c - a +0 helmet (worn)
 h - a +0 leather armour (worn)
Scrolls
 g - a scroll of identify
 j - a scroll of butterflies {unknown}
 l - a scroll of teleportation {unknown}
Potions
 f - a potion of ambrosia
 i - a potion of degeneration
 k - a potion of heal wounds {unknown}
 m - a potion of cancellation {unknown}


   Skills:
 + Level 2.8 Fighting
 - Level 2.6 Short Blades
 - Level 1.7 Throwing
 - Level 2.6 Dodging
 - Level 2.0 Stealth


You had 2 spell levels left.
You didn't know any spells.
Your spell library contained the following spells:

 Spells                   Type           Power      Damage    Failure   Level
 Slow                     Hex            0%         N/A       45%         1
 Inner Flame              Hex/Fire       0%         N/A       83%         3
 Anguish                  Hex/Necr       0%         N/A       99%         4
 Silence                  Hex/Air        0%         N/A       100%        5
 Enfeeble                 Hex            0%         N/A       100%        7


Dungeon Overview and Level Annotations

Branches:
Dungeon (2/15)

Altars:


Innate Abilities, Weirdness & Mutations

You have large cloven feet.
You are partially covered in rugged brown scales. (AC +1, +3% HP)


Message History

You hit the gnoll but do no damage. The gnoll closely misses you.
You barely miss the gnoll. The gnoll hits you with a +0 flail. x2
Throw: javelin
Press: ? - help, Shift-Dir - straight line, f - gnoll, p - gnoll
Aim: a gnoll, wielding a +0 halberd and quivering a throwing net (63% to hit)
You throw a javelin. The javelin closely misses the gnoll.
The javelin pierces through the gnoll!
The gnoll is heavily wounded.
The javelin barely misses the gnoll.
The gnoll misses you.
Unknown command.
You hit the gnoll. You kick the gnoll.
The gnoll is moderately wounded.
The gnoll closely misses you.
The gnoll drinks a potion.
The gnoll is healed!
You completely miss the gnoll.
The gnoll is moderately wounded.
The gnoll barely misses you.
You hit the gnoll but do no damage. You kick the gnoll.
The gnoll is heavily wounded.
The gnoll closely misses you.
You hit the gnoll but do no damage.
The gnoll is moderately wounded.
The gnoll completely misses you.
You hit the gnoll.
The gnoll is heavily wounded.
The gnoll closely misses you.
You hit the gnoll but do no damage. Your kick misses the gnoll.
The gnoll is heavily wounded.
The gnoll barely misses you.
You hit the gnoll.
The gnoll is severely wounded.
The gnoll hits you but does no damage.
You barely miss the gnoll.
The gnoll is severely wounded.
The gnoll hits you with a +0 flail. The gnoll hits you with a +0 flail!
* * * LOW HITPOINT WARNING * * *
You hit the gnoll but do no damage. You kick the gnoll.
The gnoll is almost dead.
The gnoll hits you with a +0 flail!
You die...

#.######## #........#
#.....(..# #........##
#.g......# #..>.......
#........# #.......#.#
#........# #.......#.#
##....g### #....[.....
#####g# #.....(.##. #g#
#.......##. #@#
####.......
#######'########..#.###.
#............##..##.# #.
#............#..###.# #.
#............#.#....# #.
#######.#####..#.#### ##
#.####..##.# ###
#..#.#########.#
##.......#.....#


You could see 3 gnolls.

Vanquished Creatures
  A dart slug (D:2)
  A bat (D:1)
  2 endoplasms (D:1)
  2 giant cockroaches (D:1)
  2 goblins (D:1)
  4 hobgoblins (D:1)
  3 jackals (D:1)
  2 kobolds (D:1)
  5 frilled lizards (D:1)
  7 rats (D:1)
29 creatures vanquished.

Notes
Turn   | Place    | Note
-------+----------+-------------------------------------------
     0 | D:1      | Newt the Demonspawn Gladiator began the quest for the Orb.
     0 | D:1      | Reached XP level 1. HP: 16/16 MP: 1/1
    87 | D:1      | Reached skill level 1 in Stealth
   328 | D:1      | Gained mutation: You are partially covered in rugged brown
                  | scales. (AC +1, +3% HP) [demonic ancestry]
   328 | D:1      | Reached XP level 2. HP: 16/22 MP: 2/2
   435 | D:1      | Got the Volume of Execration
  1029 | D:1      | Gained mutation: You have large cloven feet. [demonic
                  | ancestry]
  1029 | D:1      | Reached XP level 3. HP: 28/28 MP: 3/3
  1351 | D:2      | Slain by a gnoll

Illustrated notes

Levels and vault maps discovered:
D:1:      dpeg_arrival_houses_and_road, layout_loops_corners
D:2:      layout_basic, minmay_misc_feat_ornament, corexii_shack

Skill      XL: |  1  2 |
---------------+-------+-----
Stealth        | 1 2 |  2.0
Fighting       | |  2.8
Short Blades   | |  2.6
Throwing       | |  1.7
Dodging        | |  2.6

Action                   || total
-------------------------++-------
Melee: Rapier            ||   113
       Kick              ||     3
 Fire: Sling             ||    18
Throw: Javelin           ||     1
  Use: Scroll            ||     2
 Stab: Sleeping          ||     2
Armor: Leather armour    ||    31
Dodge: Dodged            ||    80

Table legend: (Time is in decaauts)
 A = Elapsed time spent in this place.
 B = Non-inter-level travel time spent in this place.
 C = Inter-level travel time spent in this place.
 D = Time resting spent in this place.
 E = Time spent auto-exploring this place.
 F = Levels seen in this place.
 G = Mean time per level.
                   A        B        C        D        E       F      G
               +--------+--------+--------+--------+--------+-----+--------+
         Total |   1365 |   1348 |     17 |    154 |    950 |   2 |  682.5 |
       Dungeon |   1365 |   1348 |     17 |    154 |    950 |   2 |  682.5 |
               +--------+--------+--------+--------+--------+-----+--------+

Top non-repeatable levels by time:
     D:1: 1172 daAuts
     D:2: 192 daAuts
